 Dungeon Crawl Stone Soup version 0.29.0-4-gdea44cf6ec (webtiles) character file.

Game seed: 11141173512619655408

43 qw the Chopper (level 3, -7/21 HPs)
             Began as a Tengu Warper on Aug 28, 2022.
             Succumbed to Ijyb's poison
             ... on level 3 of the Dungeon.
             The game lasted 00:00:08 (1988 turns).

qw the Chopper (Tengu Warper)                       Turns: 1988, Time: 00:00:09

Health: -7/21      AC: 10    Str: 13    XL:     3   Next: 58%
Magic:  7/7        EV:  6    Int: 13    God:
Gold:   95         SH:  0    Dex: 13    Spells: 6/6 levels left

rFire   . . .      SeeInvis .   Y - +0 war axe
rCold   . . .      Faith    .   (no shield)
rNeg    . . .      Spirit   .   e - +0 chain mail
rPois   .          Reflect  .   (helmet restricted)
rElec   .          Harm     .   k - +0 cloak
rCorr   .          Rampage  .   b - +0 pair of gloves
Will    .....                   (boots unavailable)
Stlth   ..........              (no amulet)
HPRegen 0.07/turn               (no ring)
MPRegen 0.10/turn               (no ring)

@: lethally poisoned (-7 -> -37), weak-willed
A: beak, talons 3
a: no special abilities


You were on level 3 of the Dungeon.
You visited 1 branch of the dungeon, and saw 3 of its levels.

You collected 95 gold pieces.


Innate Abilities, Weirdness & Mutations

You have a beak for a mouth.
You have claws for feet.


   Skills:
 - Level 2.0 Fighting
 + Level 4.2 Axes
 - Level 1.0 Throwing
 - Level 1.1 Armour
 - Level 2.1 Dodging
 - Level 2.0 Spellcasting
 - Level 2.4 Translocations


You had 6 spell levels left.
You didn't know any spells.
Your spell library contained the following spells:

 Spells                   Type           Power      Damage    Failure   Level
 Blink                    Tloc           14%        N/A       99%         2
 Gell's Gravitas          Tloc           7%         N/A       100%        3
 Lesser Beckoning         Tloc           7%         N/A       100%        3
 Teleport Other           Tloc           7%         N/A       100%        3
 Manifold Assault         Tloc           7%         N/A       100%        5

Inventory:

Hand Weapons
 f - a +0 whip
 Y - a +0 war axe (weapon)
Missiles
 h - 6 boomerangs (quivered)
Armour
 b - a +0 pair of gloves (worn)
 e - a +0 chain mail (worn)
 k - a +0 cloak (worn)
Scrolls
 a - a scroll of identify
Potions
 g - a potion of resistance

Dungeon Overview and Level Annotations

Branches:
Dungeon (3/15)

Altars:

Shops:
D:1 ?

Annotations:
D:3 Ijyb


Message History

You climb downwards.
You hear the sound of rushing water.
There is an entrance to a sewer on this level.
Hurry and find it before the portal rusts away!
Found a cloak.
There is a stone staircase leading up here.
Ijyb is nearby!
Existing waypoints: (1) D:2 (2) D:1 Assign waypoint to what number? (0-9, D - delete waypoint) Waypoint 2 re-assigned from D:1 to D:3.
Enter note:
1981 ||| PLANNING SEWER
Found a stone staircase leading up.
You barely miss Ijyb. You peck Ijyb, but do no damage.
Ijyb hits you with a +3 dagger of venom.
You closely miss Ijyb. Ijyb barely misses you.
You slash Ijyb! You claw Ijyb.
Ijyb is moderately wounded.
Ijyb hits you but does no damage.
You are poisoned.
You closely miss Ijyb. You claw Ijyb.
Ijyb is heavily wounded.
You feel very sick. Ijyb barely misses you.
Ijyb hits you with a +3 dagger of venom.
You are lethally poisoned!
You hit Ijyb but do no damage.
Ijyb is heavily wounded.
You feel very sick. Ijyb hits you but does no damage.
You are more poisoned.
You closely miss Ijyb.
Ijyb is heavily wounded.
You feel very sick.
Ijyb hits you with a +3 dagger of venom.
You are more poisoned.
You barely miss Ijyb. You peck Ijyb, but do no damage.
Ijyb is heavily wounded.
You die...

...............
................
................
................
...............<
................
................
.......<........
........@......#
#.......g..[..##
#............##
#...........##
###........##
#..#....##
#..##.### #. #.


You could see Ijyb.

Vanquished Creatures
  An adder (D:2)
  A dart slug (D:2)
  3 ball pythons
  3 endoplasms
  5 goblins
  3 hobgoblins
  3 jackals (D:1)
  3 kobolds
  2 quokkas (D:1)
  2 bats
  A rat (D:1)
27 creatures vanquished.

Notes
Turn   | Place    | Note
-------+----------+-------------------------------------------
     0 | D:1      | qw the Tengu Warper began the quest for the Orb.
     0 | D:1      | Reached XP level 1. HP: 12/12 MP: 4/4
     0 | D:1      | 0 ||| qw: Version: 0.1-a-89-g26bdef1
     0 | D:1      | 0 ||| qw: Game counter: 2653
     0 | D:1      | 0 ||| qw: Always use a shield: true
     0 | D:1      | 0 ||| qw: God list: Okawaru
     0 | D:1      | 0 ||| qw: Allow faded altars: false
     0 | D:1      | 0 ||| qw: Do Orc after D:15 true
     0 | D:1      | 0 ||| qw: Do second Lair branch before Depths: true
     0 | D:1      | 0 ||| qw: Lair rune preference: random
     0 | D:1      | 0 ||| qw: Plans: Normal
     0 | D:1      | 0 ||| PLANNING D:1-11
   241 | D:1      | Reached XP level 2. HP: 11/17 MP: 6/6
   367 | D:1      | Found Udots's Magic Scroll Emporium.
   373 | D:1      | 373 ||| SHOPLISTING scroll of identify (22 gold, have 14).
   373 | D:1      | 373 ||| SHOPLISTING scroll of teleportation (33 gold, have
                  | 14).
   403 | D:1      | Reached skill level 3 in Axes
   529 | D:1      | Found a faded altar of an unknown god.
   531 | D:1      | 531 ||| Stepping ~*~*~tactically~*~*~ (stealth).
   980 | D:1      | 980 ||| UPGRADING to +0 chain mail.
   990 | D:1      | 990 ||| DROPPING +0 leather armour.
   991 | D:1      | 991 ||| UPGRADING to +0 cloak.
   996 | D:1      | 996 ||| DROPPING orb of wrath.
   997 | D:1      | 997 ||| READING 2 scrolls labelled IMEICL KOUNO.
   998 | D:1      | 998 ||| READING scroll labelled IPOVUR HEIJE.
   999 | D:1      | 999 ||| READING scroll labelled ISTRAR YDOANUSCH.
  1003 | D:1      | 1003 ||| DROPPING scroll of blinking.
  1087 | D:2      | Reached XP level 3. HP: 21/21 MP: 7/7
  1394 | D:2      | Reached skill level 4 in Axes
  1949 | D:2      | 1949 ||| SWAPPING to +0 war axe.
  1950 | D:2      | 1950 ||| DROPPING +0 hand axe.
  1951 | D:2      | 1951 ||| UPGRADING to +0 pair of gloves.
  1956 | D:2      | 1956 ||| READING scroll labelled TIUNUE ZE NYM.
  1957 | D:2      | 1957 ||| READING scroll labelled ERIUGEAGAA.
  1958 | D:2      | 1958 ||| READING 3 scrolls labelled IZUIDUF EPRA.
  1959 | D:2      | 1959 ||| READING 2 scrolls of identify.
  1959 | D:2      | 1959 ||| IDENTIFYING viscous clear potion
  1960 | D:2      | 1960 ||| DROPPING 2 scrolls of vulnerability.
  1980 | D:3      | Noticed Ijyb
  1981 | D:3      | 1981 ||| PLANNING SEWER
  1987 | D:3      | HP: 3/21 [poisoned by Ijyb]
  1987 | D:3      | HP: 1/21 [Ijyb/+3 dagger of venom (2)]
  1988 | D:3      | Succumbed to Ijyb's poison

Levels and vault maps discovered:
D:1:      eino_arrival_cavern_b, layout_basic, ebering_ecumenical_altar_mist,
          serial_shops, nicolae_shop_statue_plus
D:2:      layout_basic
D:3:      layout_basic, gup_sewer_entry_spiral, uniq_ijyb, uniq_sigmund

Skill      XL: |  1  2  3 |
---------------+----------+-----
Axes           | 3 4 |  4.2
Fighting       | |  2.0
Throwing       | |  1.0
Armour         | |  1.1
Dodging        | |  2.1
Spellcasting   | |  2.0
Translocations | |  2.4

Action                   || total
-------------------------++-------
Melee: Hand axe          ||    56
       Kick              ||     9
       Peck              ||     5
       War axe           ||     7
Throw: Boomerang         ||    28
  Use: Scroll            ||     7
Armor: Leather armour    ||    12
       Chain mail        ||    12
Dodge: Dodged            ||    29

Table legend:
 A = Non-vault XP
 B = Vault XP
 C = Vault XP percentage of total XP
 D = Non-vault monster count
 E = Vault monster count
 F = Vault count percentage of total count
                 A         B        C        D         E       F
            +---------+---------+-------+---------+---------+-------
      Total |      62 |       0 |   0.0 |      27 |       0 |   0.0
            +---------+---------+-------+---------+---------+-------
        D:1 |      33 |       0 |   0.0 |      18 |       0 |   0.0
        D:2 |      29 |       0 |   0.0 |       9 |       0 |   0.0
            +---------+---------+-------+---------+---------+-------
